 Dungeon Crawl Stone Soup version 0.13.0-6-g40e4d2d (webtiles) character file.

463 4tharraofdagon the Chopper (level 7, -7/44 HPs)
             Began as a Kobold Berserker on Oct 14, 2013.
             Was a Believer of Trog.
             Mangled by a worker ant (8 damage)
             ... while paralysed by a potion of paralysis
             ... on Level 5 of the Dungeon.
             The game lasted 00:02:26 (494 turns).

4tharraofdagon the Chopper (Kobold Berserker)        Turns: 494, Time: 00:02:27

HP  -7/44        AC  3     Str 19      XL: 7   Next: 14%
MP   6/6         EV  3     Int  5      God: Trog [**....]
Gold 52          SH  0     Dex 14      Spells:  0 memorised,  6 levels left

Res.Fire  : + . .   See Invis. : .   a - +0 hand axe {=f}
Res.Cold  : . . .   Warding    : .   b - +0 animal skin
Life Prot.: . . .   Conserve   : .   (no shield)
Res.Poison: .       Res.Corr.  : .   (no helmet)
Res.Elec. : .       Clarity    : .   (no cloak)
Sust.Abil.: . .     Spirit.Shd : .   (no gloves)
Res.Mut.  : .       Stasis     : .   q - +0 pair of boots
Res.Rott. : .       Flight     : .   (no amulet)
Saprovore : + + .                    (no ring)
                                     i - ring of protection from fire {unknown}

@: paralysed, exhausted, slowed, slightly resistant to hostile enchantments,
unstealthy
A: disease resistance, carnivore 3, saprovore 2
a: Burn Spellbooks, Berserk, Trog's Hand, Renounce Religion


You were on level 5 of the Dungeon.
You worshipped Trog.
Trog was pleased with you.
You were full.

You visited 1 branch of the dungeon, and saw 5 of its levels.

You collected 32 gold pieces.

Inventory:

Hand weapons
 a - a +0,+0 hand axe (weapon) {=f}
Armour
 b - a +0 animal skin (worn)
 q - a +0 pair of boots (worn)
Comestibles
 c - 2 meat rations
Scrolls
 d - a scroll of teleportation {unknown}
 e - 4 scrolls of identify {unknown}
 f - a scroll of amnesia {unknown}
 j - a scroll of magic mapping {unknown}
 l - a scroll of fear {unknown}
 m - a scroll of random uselessness {unknown}
 n - a scroll of remove curse {unknown}
 o - a scroll of fog {unknown}
 p - a scroll of enchant weapon II {unknown}
Jewellery
 h - an uncursed amulet of clarity {unknown}
 i - a ring of protection from fire (left hand) {unknown}
Potions
 k - a potion of invisibility {unknown}


   Skills:
 + Level 5.0 Fighting
 * Level 5.1 Axes
 + Level 3.1 Armour
 - Level 2.4 Dodging


You had 6 spell levels left.
You didn't know any spells.

Dungeon Overview and Level Annotations

Branches:
Dungeon (5/27)
 Temple: D:4-7

Altars:

Shops:
D:4 (


Innate Abilities, Weirdness & Mutations

You recuperate from illness quickly.
You are small and have problems with some larger weapons.
You are carnivorous and can eat meat at any time.
You can eat rotten meat.


Message History

You feel stronger.
You have reached level 7!
Your skin stops crawling.
You feel less resistant to hostile enchantments.
The worker ant bites you but does no damage.
You closely miss the worker ant.
The worker ant is moderately wounded.
The worker ant bites you.
* * * LOW HITPOINT WARNING * * *
Unknown command.
You slash the worker ant!
The worker ant is severely wounded.
You are no longer berserk.
You are exhausted.
You feel yourself slow down. The worker ant barely misses you.
Unknown command.
Drink which item? (? for menu, Esc to quit)
You suddenly lose the ability to move!
It was a potion of paralysis.
The worker ant bites you!
You die...

.........
..........
.......... .
..........# ...
..........##
........h.....<#
..........h...##
.......###+#'###
........@a((.#
.......)%.(..#
..................
..)..%...........
###...............
................
..............
............
.........


You could see a worker ant.

Vanquished Creatures
  The ghost of Leibowitz the Ducker, an experienced KoFi (D:5)
  A centaur (D:5)
  A giant frog skeleton (D:5)
  A worker ant (D:5)
  A giant gecko (D:1)
  5 orcs (D:3)
  A ball python (D:3)
  2 hobgoblins
  A quokka (D:3)
  4 bats
  2 giant cockroaches (D:1)
  A giant newt (D:3)
  2 goblins (D:1)
  5 jackals
  A kobold (D:1)
  A kobold skeleton (D:4)
  2 rats
32 creatures vanquished.

Notes
Turn   | Place    | Note
--------------------------------------------------------------
     0 | D:1      | 4tharraofdagon, the Kobold Berserker, began the quest for the Orb.
     0 | D:1      | Reached XP level 1. HP: 14/14 MP: 0/0
    49 | D:1      | Reached XP level 2. HP: 19/19 MP: 1/1
   264 | D:3      | Acquired Trog's second power
   265 | D:3      | Reached XP level 3. HP: 12/24 MP: 2/2
   448 | D:4      | Found Anigaolo's Weapon Boutique.
   465 | D:5      | Entered Level 5 of the Dungeon
   471 | D:5      | Noticed a centaur
   471 | D:5      | Noticed Leibowitz's ghost (experienced KoFi)
   482 | D:5      | Reached skill level 4 in Fighting
   482 | D:5      | Reached XP level 4. HP: 10/29 MP: 3/3
   484 | D:5      | Killed a centaur
   484 | D:5      | Reached XP level 5. HP: 5/33 MP: 4/4
   491 | D:5      | Killed Leibowitz's ghost
   491 | D:5      | Reached skill level 5 in Fighting
   491 | D:5      | Reached skill level 5 in Axes
   491 | D:5      | Reached XP level 6. HP: 5/39 MP: 5/5
   491 | D:5      | Reached XP level 7. HP: 5/44 MP: 6/6
   492 | D:5      | HP: 1/66 [worker ant (4)]
   494 | D:5      | Paralysed by a potion of paralysis for 2 turns
   494 | D:5      | Mangled by a worker ant

Action                   |  1- 3 |  4- 6 |  7- 9 || total
-------------------------+-------+-------+-------++-------
Melee: Hand axe          |    66 |     9 |     2 ||    77
Invok: Berserk           |     3 |       |       ||     3
       Trog's Hand       |     2 |       |       ||     2
  Use: Potion            |       |       |     1 ||     1
